Map: [TLMC19] Crimson Court

Players

Spirit (souL)

  • Race: Terran Terran
  • Spawn Location: 1:00

LiquidCure (Cure) - Winner!

  • Race: Terran Terran
  • Spawn Location: 7:00

VOD

Have the link to the VOD?

Description

Time

  • Played on: Dec. 23, 2023, 6:34 a.m.
  • Length: 5:44
Show
View Real Time Build Order
Export as new Build Order

Spirit Terran 

Build Orders:  

Get SALT Encoding   

  12  0:00  SCV  
  13  0:12  SCV  
  14  0:17  Supply Depot  
  14  0:25  SCV  
  15  0:38  SCV  
  15  0:42  Barracks  
  16  0:45  Refinery  
  16  0:51  SCV  
  16  0:54  Refinery  
  17  1:03  SCV  
  18  1:15  SCV  
  19  1:29  Orbital Command, Reaper  
  20  1:34  Supply Depot  
  20  1:44  Factory  
  20  1:55  SCV  
  21  2:02  Barracks Reactor  
  21  2:07  SCV  
  22  2:17  Command Center  
  22  2:19  SCV  
  23  2:28  Hellion  
  25  2:32  SCV  
  25  2:33  Supply Depot  
  26  2:40  Reaper x2  
  29  2:44  SCV  
  29  2:50  Hellion  
  31  2:56  SCV  
  31  2:57  Starport  
  32  3:08  SCV  
  33  3:14  Refinery  
  33  3:20  SCV, Cyclone  
  33  3:21  Cyclone  
  38  3:30  Orbital Command  
  38  3:32  SCV  
  39  3:37  Medivac  
  41  3:44  SCV  
  42  3:54  Cyclone  
  37  3:56  SCV, Cyclone  
  37  3:57  SCV  
  37  4:00  Barracks Tech Lab  
  41  4:09  Supply Depot, SCV x2  
  43  4:12  Viking  
  45  4:21  SCV x2  
  47  4:26  Cyclone  
  47  4:30  Cyclone  
  42  4:33  SCV x2  
  34  4:45  SCV x2  
  32  4:52  Supply Depot, Raven  
  33  4:57  SCV  
  33  4:58  SCV  
  34  5:01  Cyclone  
  32  5:09  SCV  
  32  5:10  SCV  
  34  5:21  SCV, Barracks Reactor  
  34  5:22  SCV  
Show
View Real Time Build Order
Export as new Build Order

LiquidCure Terran - Winner!

Build Orders: Cyclone Opening 

Get SALT Encoding   

  12  0:00  SCV  
  13  0:12  SCV  
  14  0:17  Supply Depot  
  14  0:24  SCV  
  15  0:38  SCV  
  15  0:40  Barracks  
  15  0:42  Refinery  
  16  0:50  SCV  
  16  0:52  Refinery  
  17  1:03  SCV  
  18  1:15  SCV  
  19  1:27  Orbital Command, Reaper  
  20  1:33  Supply Depot  
  20  1:40  Factory  
  20  1:53  SCV  
  21  1:59  Barracks Reactor  
  21  2:05  SCV  
  22  2:17  Command Center  
  22  2:21  SCV  
  23  2:33  SCV  
  24  2:38  Cyclone  
  24  2:39  Cyclone  
  24  2:43  Supply Depot  
  28  2:45  SCV  
  29  2:53  Starport  
  29  2:58  SCV  
  30  3:08  Barracks Tech Lab  
  30  3:12  Cyclone  
  32  3:13  Cyclone  
  32  3:16  SCV  
  35  3:28  SCV  
  35  3:30  Orbital Command  
  36  3:37  Banshee  
  36  3:40  Refinery  
  39  3:42  SCV  
  37  3:49  Cyclone  
  37  3:57  SCV  
  37  4:01  Cyclone  
  40  4:03  SCV  
  40  4:08  Interference Matrix  
  40  4:09  SCV  
  42  4:15  SCV  
  43  4:22  Cyclone  
  45  4:30  Raven  
  45  4:31  SCV x2  
  48  4:37  Cyclone  
  46  4:46  SCV x2  
  46  4:55  Cyclone  
  46  4:58  SCV x2  
  45  5:08  Raven  
  45  5:10  Cyclone  
  45  5:11  SCV x2  
  51  5:19  Barracks Tech Lab  
  51  5:20  Command Center  
  49  5:23  SCV x2  
Tags
 
Add a new tag
Caveats
  • Supply blocks, unpowered buildings, or Contaminate may cause inaccurate times.
  • Supply counts are checked every 10 seconds.